 Dungeon Crawl Stone Soup version 0.23-a0-642-g3120c2f5a9 (webtiles) character file.

63 HereIgoKillingAgain the Caller (level 3, 0/24 HPs)
             Began as a Mummy Summoner on Dec 31, 2018.
             Slain by a frilled lizard (1 damage)
             ... on level 3 of the Dungeon.
             The game lasted 00:03:05 (2694 turns).

HereIgoKillingAgain the Caller (Mummy Summoner)     Turns: 2694, Time: 00:03:05

Health: 0/24       AC:  2    Str: 11    XL:     3   Next: 87%
Magic:  1/8        EV: 12    Int: 15    God:
Gold:   154        SH:  0    Dex: 12    Spells: 6/9 levels left

rFire    x . .     SeeInvis .   f - +4 dagger
rCold    + . .     Gourm    .   (no shield)
rNeg     + + +     Faith    .   a - +0 robe
rPois    ∞         Spirit   .   (no helmet)
rElec    .         Reflect  .   (no cloak)
rCorr    .         Harm     .   (no gloves)
MR       .....                  (no boots)
Stlth    ++........             (no amulet)
HPRegen  0.08/turn              (no ring)
MPRegen  0.11/turn              (no ring)

@: no status effects
A: no food or potions, fire vulnerability, cold resistance 1, negative energy
resistance 3, torment resistance, unbreathing
a: no special abilities


You were on level 3 of the Dungeon.
You were not hungry.

You visited 1 branch of the dungeon, and saw 4 of its levels.

You collected 154 gold pieces.

Inventory:

Hand Weapons
 c - a +2 vampiric whip
 f - a +4 dagger (weapon)
Armour
 a - a +0 robe (worn)
Scrolls
 b - 3 scrolls of identify
 d - a scroll of teleportation {unknown}
 e - 4 scrolls of immolation
 g - a scroll of remove curse
 h - a scroll of fog {unknown}
 i - a scroll of fear


   Skills:
 - Level 1.5 Dodging
 - Level 1.5 Stealth
 + Level 3.7 Spellcasting
 * Level 4.2 Summonings


You had 6 spell levels left.
You knew the following spells:

 Your Spells              Type           Power        Failure   Level  Hunger
a - Call Imp              Summ           ###.....     4%          2    N/A
b - Summon Small Mammal   Summ           ###.         3%          1    N/A

Your spell library contained the following spells:

 Spells                   Type           Power        Failure   Level  Hunger
 Call Canine Familiar     Summ           ###.....     10%         3    N/A
 Magic Dart               Conj           #...         19%         1    N/A
 Summon Guardian Golem    Hex/Summ       #.......     24%         3    N/A
 Blink                    Tloc           N/A          28%         2    N/A
 Slow                     Hex            #.......     28%         2    N/A
 Conjure Flame            Conj/Fire      #.......     50%         3    N/A
 Mephitic Cloud           Conj/Pois/Air  #.......     50%         3    N/A
 Summon Ice Beast         Ice/Summ       #.......     61%         4    N/A
 Summon Lightning Spire   Summ/Air       #.......     61%         4    N/A

Dungeon Overview and Level Annotations

Branches:
Dungeon (4/15)
 Temple: D:4-7

Altars:
Fedhas
Beogh


Innate Abilities, Weirdness & Mutations

You do not eat or drink.
Your flesh is vulnerable to fire.
You are immune to poison.
Your flesh is cold resistant. (rC+)
You are immune to negative energy. (rN+++)
You are immune to unholy pain and torment.
You can survive without breathing.


Message History

The orc priest hits your crimson imp with a +0 short sword!
The orc closely misses your crimson imp. x2
Your crimson imp hits the orc.
The orc priest hits your crimson imp with a +0 short sword.
Something misses your crimson imp. The orc barely misses your crimson imp.
Your crimson imp blinks!
Your crimson imp blinks!
Your crimson imp blinks!
There is a stone staircase leading up here.
The frilled lizard barely misses you.
Your crimson imp barely misses the frilled lizard.
You climb upwards.
There is a stone staircase leading down here.
Casting: Call Imp (safe; 4% risk of failure)
Confirm with . or Enter, or press ? or * to list all spells.
A beastly little devil appears in a puff of flame.
The frilled lizard bites you.
* * * LOW HITPOINT WARNING * * *
The frilled lizard bites you.
You die...

.#.# #.............#
#.......... .#%#
#.............# #.#########
.#.###........#########.#####
.#....#######.# #.........#
.#....# #.## #.........#
.#....##### #..# #.........#
.#....≈≈..# ##.## #.........#
.#....≈...####..###.........#
)....≈≈_≈......5@##.........#
.#...≈≈≈≈.#####l.######'#####
.#.##≈.≈....# #)(######.....#
.#.###......# #..##.....###.#
.#.# #.##...# ##..#.....# #.#
.#.# #.##...# #..#.....# #.#
.#.# #.##...#####.......# #.#
.#.# #..+...'...........# #.#
.#)######...####.#......# #.#


You could see a frilled lizard and a friendly crimson imp.

Vanquished Creatures
  An adder (D:3)
  An ooze (D:3)
  A dart slug (D:1)
  2 leopard geckos
  4 bats
  A giant cockroach (D:1)
  3 hobgoblins
  A frilled lizard (D:2)
  3 goblins
  A kobold (D:1)
  2 rats
20 creatures vanquished.

Vanquished Creatures (collateral kills)
  An ooze (D:3)
  3 worms (D:2)
  A dart slug (D:2)
  A leopard gecko (D:3)
  5 orcs (D:3)
  2 goblins (D:2)
  A hobgoblin (D:1)
  2 kobolds
  A ball python (D:1)
  A frilled lizard (D:3)
  3 rats
21 creatures vanquished.

Grand Total: 41 creatures vanquished

Notes
Turn   | Place    | Note
-------+----------+-------------------------------------------
     0 | D:1      | HereIgoKillingAgain the Mummy Summoner began the quest for
                  | the Orb.
     0 | D:1      | Reached XP level 1. HP: 13/13 MP: 4/4
   338 | D:1      | Reached XP level 2. HP: 19/19 MP: 6/6
   660 | D:1      | You fall through a shaft!
   667 | D:2      | Learned a level 2 spell: Call Imp
  1659 | D:2      | Reached XP level 3. HP: 24/24 MP: 2/7
  2105 | D:3      | Found a blossoming altar of Fedhas.
  2140 | D:3      | Reached skill level 4 in Summonings
  2671 | D:4      | Found a roughly hewn altar of Beogh.
  2679 | D:4      | HP: 1/24 [orc priest/divine providence (15)]
  2693 | D:3      | HP: 1/24 [frilled lizard (1)]
  2694 | D:3      | Slain by a frilled lizard

Vault maps used:
D:1:      dpeg_arrival_more_subterranean_lakeside_camping
D:2:      minmay_spotlight
D:3:      fedhas_altar_2
D:4:      chequers_temple_overflow_minitemple, cheibriados_altar_1,
          kennysheep_orc_chapel, uniq_blork_the_orc

Skill      XL: |  1  2  3 |
---------------+----------+-----
Spellcasting   | 3 |  3.7
Summonings     | 4 |  4.2
Dodging        | |  1.5
Stealth        | |  1.5

Action                   || total
-------------------------++-------
Melee: Whip              ||    56
       Unarmed           ||     2
       Dagger            ||    24
 Cast: Summon Small Mamm ||     7
       Call Imp          ||    40
  Use: Scroll            ||     3
 Stab: Sleeping          ||     1
       Distracted        ||     1
Armor: Robe              ||    31
Dodge: Dodged            ||    78

Table legend:
 A = Non-vault XP
 B = Vault XP
 C = Vault XP percentage of total XP
 D = Non-vault monster count
 E = Vault monster count
 F = Vault count percentage of total count
                 A         B        C        D         E       F
            +---------+---------+-------+---------+---------+-------
      Total |      76 |      14 |  15.6 |      35 |       6 |  14.6
            +---------+---------+-------+---------+---------+-------
        D:1 |      22 |       0 |   0.0 |      14 |       0 |   0.0
        D:2 |       8 |      14 |  63.6 |       5 |       6 |  54.5
        D:3 |      43 |       0 |   0.0 |      15 |       0 |   0.0
        D:4 |       3 |       0 |   0.0 |       1 |       0 |   0.0
            +---------+---------+-------+---------+---------+-------
